 Dungeon Sprint DCSS version 0.23-a0-650-ga4d50d4 (webtiles) character file.

144441 Leeroy the Englaciator (level 17, -16/135 HPs)
             Began as a Barachi Ice Elementalist on Jan 6, 2019.
             Was the Champion of Qazlal.
             Killed from afar by a shadow dragon (36 damage)
             ... with a bolt of negative energy
             ... in the Dungeon (Sprint V: "Ziggurat Sprint").
             The game lasted 00:46:19 (4779 turns).

Leeroy the Englaciator (Barachi Ice Elementalist)   Turns: 4779, Time: 00:46:20

Health: -16/135    AC: 31    Str: 19    XL:     17   Next: 40%
Magic:  5/36       EV: 18    Int: 19    God:    Qazlal [******]
Gold:   0          SH: 12    Dex: 13    Spells: 31/46 levels left

rFire    + + .     SeeInvis .   I - +11 plutonium sword {*Contam Stlth-}
rCold    . . .     Gourm    .   (shield currently unavailable)
rNeg     . . .     Faith    .   O - +8 fire dragon scales
rPois    +         Spirit   .   (no helmet)
rElec    .         Reflect  +   B - +2 cloak {rPois}
rCorr    .         Harm     .   z - +3 pair of gauntlets of War {Slay+5}
MR       +....     Rnd*Rage +   (no boots) Stlth ..........NoTele +
                                Z - amulet "Verghi Sapsa" {Reflect rF+ SH+4}
HPRegen  0.32/turn              D - +6 ring of strength
MPRegen  0.25/turn              F - ring of ice

@: protected from physical damage, hasted, drained, repel missiles, quick
A: +LOS, swims, berserk 1, deterioration 1, slowness 1, subdued magic 1, strong
legs 2
a: Hop, Upheaval, Elemental Force, Disaster Area, Renounce Religion


You were in the Dungeon.
You worshipped Qazlal.
Qazlal was exalted by your worship.
You were hungry.

You visited 1 branch

Inventory:

Hand Weapons
 a - a +2 great sword of flaming
 l - the +8 demon blade "Leech" {vamp, rN+ AC-3 EV-3}
   (You took it off an orc wizard in the Dungeon)

   It inflicts no extra harm, but heals its wielder when it wounds a living foe.
   It affects your AC (-3).
   It affects your evasion (-3).
   It protects you from negative energy.
 x - the +8 autumn katana {slice, Clar}
   (You took it off a wight in the Dungeon)

   It inflicts extra damage upon your enemies.
   It protects you against confusion.
 H - the +7 Singing Sword {slice, sonic wave}
   (You found it in the Dungeon)

   It inflicts extra damage upon your enemies.
 I - the +11 plutonium sword (weapon) {*Contam Stlth-}
   (You found it in the Dungeon)

   It causes magical contamination when unequipped.
   It makes you less stealthy.
 J - the +9 sword of Zonguldrok {reap}
   (You found it in the Dungeon)

   If a monster killed with it leaves a corpse in good enough shape, the corpse
   will be animated as a zombie friendly to the killer.
 N - a +9 vampiric triple sword
 X - the +9 scimitar "Jecsoergh" {slice, *Slow rElec Str+7 Dex+2}
   (You took it off Louise in the Dungeon)

   It inflicts extra damage upon your enemies.
   It affects your strength (+7).
   It affects your dexterity (+2).
   It insulates you from electricity.
   It may slow you when you take damage.
 Y - the +3 Elemental Staff {rElec rF++ rC++ MR++ AC+5}
   (You found it in the Dungeon)

   It affects your AC (+5).
   It greatly protects you from fire.
   It greatly protects you from cold.
   It insulates you from electricity.
   It affects your resistance to hostile enchantments.
Missiles
 U - 13 javelins of returning (quivered)
Armour
 z - the +3 pair of gauntlets of War (worn) {Slay+5}
   (You found it in the Dungeon)

   It affects your accuracy and damage with ranged weapons and melee attacks
   (+5).
 B - a +2 cloak of poison resistance (worn)
 K - the +15 Maxwell's patent armour {-Cast -Tele rElec MR+ rCorr}
   (You found it in the Dungeon)

   It insulates you from electricity.
   It affects your resistance to hostile enchantments.
   It prevents spellcasting.
   It prevents most forms of teleportation.
   It provides partial protection from all sources of acid and corrosion.
 L - the +18 shield of the Gong {rElec rN+ MR+ EV-5}
   (You found it in the Dungeon)

   It affects your evasion (-5).
   It insulates you from electricity.
   It protects you from negative energy.
   It affects your resistance to hostile enchantments.
 O - +8 fire dragon scales (worn)
Jewellery
 e - the ring "Udghurph" {rElec Str+2 Stlth-}
   (You found it in the Dungeon)

   [ring of attention]

   It affects your strength (+2).
   It insulates you from electricity.
   It makes you less stealthy.
 A - a +6 ring of dexterity
 C - a +6 ring of intelligence
 D - a +6 ring of strength (left hand)
 F - a ring of ice (right hand)
 Q - an uncursed ring of resist corrosion
 V - the ring of Immaorobyr {+Blink rN+ MP+9 Dex+3}
   (You found it in the Dungeon)

   [ring of positive energy]

   It affects your dexterity (+3).
   It protects you from negative energy.
   It affects your magic capacity (+9).
   It lets you blink.
 W - an uncursed ring of wizardry
 Z - the amulet "Verghi Sapsa" (around neck) {Reflect rF+ SH+4}
   (You found it in the Dungeon)

   [amulet of reflection]

   It shields you and reflects attacks.
   It protects you from fire.
   It affects your SH (+4).
Wands
 u - a wand of disintegration (7)
 v - a wand of iceblast (7)
 w - a wand of acid (5)
Scrolls
 i - 4 scrolls of blinking
 o - 4 scrolls of amnesia
 p - 6 scrolls of fog
 q - a scroll of holy word
 r - 5 scrolls of identify
 s - 5 scrolls of remove curse
 t - 2 scrolls of fear
Potions
 b - a potion of brilliance
 d - 9 potions of curing
 f - 8 potions of haste
 g - 7 potions of magic
 h - 3 potions of berserk rage
 j - 2 potions of invisibility
 k - 4 potions of resistance
 m - 5 potions of agility
 n - 4 potions of might
Miscellaneous
 y - a crystal ball of energy
 E - 2 boxes of beasts
 G - a lightning rod (4/4)
 M - a fan of gales
 R - 5 sacks of spiders
 S - 3 phantom mirrors
 T - a lamp of fire
Comestibles
 c - 4 rations


   Skills:
 + Level 12.5(11.7) Fighting
 - Level 24.0(22.9) Long Blades
 - Level 13.0(12.2) Armour
 - Level 16.8(15.9) Dodging
 - Level 1.7(1.1) Stealth
 - Level 5.8(5.1) Shields
 - Level 15.2(14.3) Spellcasting
 - Level 12.5(11.6) Conjurations
 - Level 6.0(5.3) Translocations
 O Level 27(25.8) Ice Magic
 - Level 26.8(25.7) Invocations


You had 31 spell levels left.
You knew the following spells:

 Your Spells              Type           Power        Failure   Level  Hunger
a - Freeze                Ice            ####         0%          1    None
b - Throw Icicle          Conj/Ice       #######.     1%          4    None
c - Bolt of Cold          Conj/Ice       #######...   1%          6    #####..
d - Slow                  Hex            ##......     17%         2    None
e - Blink                 Tloc           N/A          1%          2    None

Your spell library contained the following spells:

 Spells                   Type           Power        Failure   Level  Hunger
 Throw Frost              Conj/Ice       ######       0%          2    None
 Apportation              Tloc           ####..       1%          1    None
 Flame Tongue             Conj/Fire      ####.        1%          1    None
 Magic Dart               Conj           ####         1%          1    None
 Shock                    Conj/Air       ####         1%          1    None
 Ensorcelled Hibernation  Hex/Ice        ######       1%          2    None
 Ozocubu's Armour         Chrm/Ice       ######..     1%          3    None
 Summon Ice Beast         Ice/Summ       ######..     1%          4    None
 Metabolic Englaciation   Hex/Ice        ######....   1%          5    ####...
 Ozocubu's Refrigeration  Ice            #######...   1%          6    #####..
 Conjure Flame            Conj/Fire      ####....     2%          3    None
 Static Discharge         Conj/Air       ####....     2%          3    None
 Stone Arrow              Conj/Erth      ####..       2%          3    None
 Gell's Gravitas          Tloc           ####......   3%          3    None
 Teleport Other           Tloc           ####....     3%          3    None
 Shroud of Golubria       Chrm/Tloc      ###.......   5%          2    None
 Mephitic Cloud           Conj/Pois/Air  ###.....     7%          3    None
 Sticky Flame             Conj/Fire      ####....     10%         4    None
 Freezing Cloud           Conj/Ice/Air   ######....   10%         6    #####..
 Animate Skeleton         Necr           N/A          11%         1    None
 Confusing Touch          Hex            ##....       11%         1    None
 Corona                   Hex            ##.....      11%         1    None
 Infusion                 Chrm           ##..         11%         1    None
 Pain                     Necr           ##..         11%         1    None
 Summon Butterflies       Summ           ##......     11%         1    None
 Summon Small Mammal      Summ           ##..         11%         1    None
 Portal Projectile        Hex/Tloc       ###...       12%         3    None
 Recall                   Summ/Tloc      N/A          12%         3    None
 Passage of Golubria      Tloc           N/A          13%         4    None
 Call Imp                 Summ           ##......     17%         2    None
 Corpse Rot               Necr           N/A          17%         2    None
 Passwall                 Tmut/Erth      ##......     17%         2    None
 Poisonous Vapours        Pois/Air       ##....       17%         2    None
 Song of Slaying          Chrm           ##......     17%         2    None
 Sublimation of Blood     Necr           ##........   17%         2    None
 Swiftness                Chrm/Air       ##......     17%         2    None
 Bolt of Draining         Conj/Necr      ####......   28%         5    ####...
 Fireball                 Conj/Fire      ####......   28%         5    ####...
 Irradiate                Conj/Tmut      ####......   28%         5    ####...
 Iskenderun's Battlesphe  Conj/Chrm      ####....     28%         5    ####...
 Lightning Bolt           Conj/Air       ####......   28%         5    ####...
 Venom Bolt               Conj/Pois      ####......   28%         5    ####...
 Call Canine Familiar     Summ           ##......     32%         3    None
 Confuse                  Hex            ##......     32%         3    None
 Ignite Poison            Fire/Tmut/Pois ##......     32%         3    None
 Inner Flame              Hex/Fire       ##......     32%         3    None
 Regeneration             Chrm/Necr      ##........   32%         3    None
 Spectral Weapon          Hex/Chrm       ##......     32%         3    None
 Summon Guardian Golem    Hex/Summ       ##......     32%         3    None
 Vampiric Draining        Necr           ##........   32%         3    None
 Bolt of Magma            Conj/Fire/Erth ###.......   54%         5    ####...
 Orb of Destruction       Conj           #####.....   63%         7    #######
 Summon Forest            Summ/Tloc      ###.......   73%         5    ####...
 Airstrike                Air            ##........   75%         4    None
 Animate Dead             Necr           N/A          75%         4    None
 Cause Fear               Hex            ##........   75%         4    None
 Leda's Liquefaction      Hex/Erth       ##........   75%         4    None
 Olgreb's Toxic Radiance  Pois           ##......     75%         4    None
 Petrify                  Tmut/Erth      ##......     75%         4    None
 Bolt of Fire             Conj/Fire      ####......   86%         6    #####..
 Iron Shot                Conj/Erth      ####......   86%         6    #####..
 Agony                    Necr           ##......     98%         5    ####...
 Aura of Abjuration       Summ           ##........   98%         5    ####...
 Borgnjor's Vile Clutch   Necr/Erth      ##........   98%         5    ####...
 Dispel Undead            Necr           ##......     98%         5    ####...
 Excruciating Wounds      Chrm/Necr      ##........   98%         5    ####...
 Lee's Rapid Deconstruct  Erth           ##........   98%         5    ####...
 Summon Demon             Summ           ##........   98%         5    ####...
 Summon Mana Viper        Hex/Summ       ##......     98%         5    ####...
 Yara's Violent Unravell  Hex/Tmut       ##........   98%         5    ####...
 Darkness                 Hex            ##........   100%        6    #####..
 Hydra Form               Tmut           ##........   100%        6    #####..
 Invisibility             Hex            ##......     100%        6    #####..
 Shadow Creatures         Summ           N/A          100%        6    #####..
 Statue Form              Tmut/Erth      ##.......    100%        6    #####..
 Dragon Form              Tmut           ##........   100%        7    #######
 Ring of Flames           Chrm/Fire      ##........   100%        7    #######
 Spellforged Servitor     Conj/Summ      ####......   100%        7    #######
 Summon Hydra             Summ           ##........   100%        7    #######
 Disjunction              Tloc           ####......   100%        8    #######
 Ignition                 Fire           ##........   100%        8    #######
 Dragon's Call            Summ           ##........   100%        9    #######
 Shatter                  Erth           ##........   100%        9    #######


Dungeon Overview and Level Annotations

Branches:
Dungeon (1/1)

Altars:
Ashenzari
Cheibriados
Dithmenos
Elyvilon
Fedhas
Gozag
Hepliaklqana
Kikubaaqudgha
Makhleb
Nemelex Xobeh
Okawaru
Qazlal
Ru
Sif Muna
Trog
Uskayaw
Vehumet
Wu Jian
Xom
Yredelemnul
Zin
The Shining One
Beogh
Jiyva
Lugonu


Innate Abilities, Weirdness & Mutations

Shadows flee at your approach. (+LOS)
You can swim through water.
You cover ground slowly.
You can hop long distances.
You tend to lose your temper in combat.
Your body sometimes deteriorates upon taking damage.
Your spells are a little easier to cast, but a little less powerful.


Message History

Unknown command.
Unknown command.
Unknown command.
Casting: Bolt of Cold (safe; 1% risk of failure)
Confirm with . or Enter, or press ? or * to list all spells.
Okay, then.
Evoke which item? (* to show all) (? for menu, Esc to quit)
Okay, then.
Casting: Bolt of Cold (safe; 1% risk of failure)
Confirm with . or Enter, or press ? or * to list all spells.
Okay, then.
Evoke which item? (* to show all) (? for menu, Esc to quit)
Aiming: Corrosive Bolt
Press: ? - help, Shift-Dir - straight line, f/p - ancient lich
Aim: an ancient lich (almost destroyed, encased in ice)
The bolt of acid hits the ancient lich.
The ancient lich appears unharmed.
The ancient lich is almost destroyed.
The shadow dragon breathes negative energy at you.
The bolt of negative energy hits you!
You feel drained.
You die...

....=[}||)..≈}.§.▓.."))[|
§.§..)p)≈≈.:≈...§▓..[")|)
...≈§≈≈≈(≈[.≈§§..▓......=
.....§≈.)≈≈≈(≈.§.▓......†
.§.§)?≈D≈≈...≈..§▓.......
.≈§§§≈§§§≈§≈.§§..▓......†
...≈≈.§°○.≈≈.≈...▓.......
≈≈≈≈≈§§†≈≈L......▓......†
.≈≈≈≈.≈○@○○......▓.......
.≈≈▓....§.§..▓§..▓.....††
. ▓▓...○§..▓▓ .▓...▓.%†
...▓........§▓...▓.....†.
...........§.§...▓.......
........©........▓.......
▓▓▓▓▓▓▓▓▓▓▓▓▓▓▓▓▓▓▓▓▓▓▓▓▓
▓......8 ▓..=||.[


You could see a shadow dragon, an ancient lich and a vault guard.

Vanquished Creatures
  2 ancient liches (D)
  Nikola (D)
  5 liches (D)
  7 titans (D)
  A deep elf master archer (D)
  An acid blob (D)
  4 shadow dragons (D)
  Kirke (D)
  3 frost giants (D)
  Louise (D)
  2 balrugs (D)
  8 fire giants (D)
  2 reapers (D)
  10 stone giants (D)
  2 very ugly things (D)
  A dire elephant (D)
  A deep elf annihilator (D)
  Azrael (D)
  A blizzard demon (D)
  2 merfolk javelineers (D)
  A death ooze (D)
  Josephine (D)
  4 ettins (D)
  2 ogre magi (D)
  A yaktaur captain (D)
  2 great orbs of eyes (D)
  2 ice dragons (D)
  6 hydras (D)
  A catoblepas (D)
  13 vault guards (D)
  A centaur warrior (D)
  4 death scarabs (D)
  Erica (D)
  An anaconda (shapeshifter) (D)
  3 dancing weapons (D)
  A vampire mage (D)
  2 hell hogs (D)
  3 deep elf knights (D)
  Sonja (D)
  A harpy (shapeshifter) (D)
  3 necromancers (D)
  2 orb spiders (D)
  3 shining eyes (D)
  4 ugly things (D)
  3 deep elf magi (D)
  6 cyclopes (D)
  2 salamanders (shapeshifter) (D)
  A water nymph (shapeshifter) (D)
  2 rust devils (D)
  A torpor snail (D)
  An eye of devastation (D)
  3 spiny frogs (D)
  A freezing wraith (D)
  2 hellions (D)
  2 rime drakes (D)
  A rime drake (shapeshifter) (D)
  8 yaktaurs (D)
  A tormentor (D)
  A komodo dragon (shapeshifter) (D)
  A demonic crawler (D)
  2 guardian mummies (D)
  2 red devils (D)
  A meliai (shapeshifter) (D)
  A jumping spider (D)
  3 polar bears (D)
  2 blink frogs (D)
  2 hornets (D)
  A dream sheep (D)
  Prince Ribbit (D)
  A hippogriff (D)
  A slime creature (D)
  2 air elementals (D)
  2 redbacks (D)
  A vampire (D)
  3 shadows (D)
  A tarantella (D)
  A flying skull (D)
  6 yaks (D)
  A golden eye (D)
  2 basilisks (D)
  A steam dragon (shapeshifter) (D)
  A neqoxec (D)
  3 water moccasins (D)
  2 hell hounds (D)
  Purgy (D)
  An eye of draining (shapeshifter) (D)
  2 ice beasts (D)
  7 necrophages (D)
  A phantom (D)
  3 centaurs (D)
  A crocodile (D)
  Blork the orc (D)
  2 wights (D)
  2 crimson imps (D)
  4 jellies (D)
  2 iguanas (D)
  2 orc wizards (D)
  5 iron imps (D)
  Crazy Yiuf (D)
  A hell rat (D)
  Terence (D)
  6 mummies (D)
  An adder (D)
  4 white imps (D)
  An adder zombie (D)
  3 adder skeletons (D)
  An adder simulacrum (D)
  2 ball pythons (D)
  3 bat zombies (D)
  3 ball python zombies (D)
  A giant cockroach zombie (D)
  A jackal skeleton (D)
  2 jackal zombies (D)
  A leopard gecko skeleton (D)
  A leopard gecko zombie (D)
  A quokka simulacrum (D)
266 creatures vanquished.

Vanquished Creatures (others)
  An emperor scorpion (D)
  A deep elf knight (D)
  2 spatial maelstroms (D)
  A cyclops (D)
  A deep elf mage (D)
  A bat skeleton (D)
  A bat zombie (D)
8 creatures vanquished.

Grand Total: 274 creatures vanquished

Notes
Turn   | Place    | Note
-------+----------+-------------------------------------------
     0 | D        | Found the +6 Majin-Bo {vamp, Archmagi MP+6 Int+6}
     0 | D        | Found the +7 great mace "Firestarter" {inner flame, rF++}
     0 | D        | Leeroy the Barachi Ice Elementalist began the quest for the
                  | Orb.
     0 | D        | Reached XP level 1. HP: 13/13 MP: 3/3
     0 | D        | Found a transporter.
     0 | D        | Found an ancient bone altar of Kikubaaqudgha.
     0 | D        | Found a viscous altar of Jiyva.
     0 | D        | Found a corrupted altar of Lugonu.
     0 | D        | Found a hazy altar of Hepliaklqana.
     0 | D        | Found a burning altar of Makhleb.
     0 | D        | Found an opulent altar of Gozag.
     4 | D        | Banished a spatial maelstrom
     7 | D        | Banished a spatial maelstrom
    20 | D        | Found the +9 heavy crossbow "Sniper" {velocity, Acc+∞ SInv}
    20 | D        | Found the +10 dark maul {crush}
    20 | D        | Found the +15 Maxwell's patent armour {-Cast -Tele rElec
                  | MR+ rCorr}
    20 | D        | Found the +18 shield of the Gong {rElec rN+ MR+ EV-5}
    20 | D        | Found the cursed +14 obsidian axe {chop, +Fly SInv *Curse}
    22 | D        | Found the +6 shillelagh "Devastator" {shatter}
    22 | D        | Found the +11 plutonium sword {*Contam Stlth-}
    22 | D        | Found the +8 lance "Wyrmbane" {slay drac, rPois rF+ rC+
                  | AC+3}
    22 | D        | Found the +9 sword of Zonguldrok {reap}
    22 | D        | Found the cursed +13 scythe of Curses {drain, *Curse}
    22 | D        | Found the +0 sword of Power
    22 | D        | Found the +7 mace of Variability {chain chaos}
    22 | D        | Found the +7 Singing Sword {slice, sonic wave}
    22 | D        | Found the +7 longbow "Piercer" {penet, EV-2}
    36 | D        | Banished a spatial maelstrom
    58 | D        | Reached XP level 2. HP: 33/33 MP: 5/5
    67 | D        | Became a worshipper of Qazlal Stormbringer
    75 | D        | Entered arena 2.
    75 | D        | Found a transporter.
    82 | D        | Reached XP level 3. HP: 30/38 MP: 6/6
    85 | D        | Reached XP level 4. HP: 36/45 MP: 7/7
    91 | D        | Learned a level 4 spell: Throw Icicle
   231 | D        | Entered arena 3.
   231 | D        | Found a transporter.
   237 | D        | Reached * piety under Qazlal
   451 | D        | Entered arena 4.
   451 | D        | Found a transporter.
   452 | D        | Found the +8 frozen axe "Frostbite" {freezing cloud, *Noise
                  | +Fly rC+}
   452 | D        | Reached ** piety under Qazlal
   455 | D        | Reached XP level 5. HP: 30/51 MP: 8/8
   465 | D        | Got the ring of Immaorobyr {+Blink rN+ MP+9 Dex+3}
   469 | D        | Got Uhurel's Handbook of Good Luck and Ice
   727 | D        | Entered arena 5.
   727 | D        | Noticed a necrophage
   727 | D        | Noticed a necrophage
   727 | D        | Noticed a phantom
   727 | D        | Found a transporter.
   733 | D        | Killed a necrophage
   733 | D        | Reached *** piety under Qazlal
   737 | D        | Killed a necrophage
   737 | D        | Reached XP level 6. HP: 57/57 MP: 9/9
   752 | D        | Killed a phantom
   762 | D        | Entered arena 6.
   762 | D        | Noticed a +4 halberd of flaming
   762 | D        | Noticed a deep elf mage
   762 | D        | Noticed a +5 war axe of chopping
   762 | D        | Noticed a +1 scimitar of holy wrath
   762 | D        | Noticed an air elemental
   762 | D        | Found a transporter.
   766 | D        | Noticed an ice beast
   767 | D        | Killed a deep elf mage
   767 | D        | Reached XP level 7. HP: 26/63 MP: 10/10
   769 | D        | Killed a +5 war axe of chopping
   769 | D        | Reached **** piety under Qazlal
   775 | D        | Killed an air elemental
   776 | D        | Killed a +4 halberd of flaming
   776 | D        | Reached XP level 8. HP: 40/70 MP: 11/11
   776 | D        | Killed a +1 scimitar of holy wrath
  1046 | D        | Learned a level 6 spell: Bolt of Cold
  1046 | D        | Entered arena 7.
  1046 | D        | Noticed a spiny frog
  1046 | D        | Noticed a spiny frog
  1046 | D        | Noticed a yak
  1046 | D        | Found a transporter.
  1056 | D        | Killed a spiny frog
  1056 | D        | Reached ***** piety under Qazlal
  1056 | D        | Reached XP level 9. HP: 35/75 MP: 12/12
  1059 | D        | Reached skill level 5 in Invocations
  1062 | D        | Killed a spiny frog
  1337 | D        | Entered arena 8.
  1337 | D        | Noticed a death scarab
  1337 | D        | Noticed a lich
  1337 | D        | Noticed a guardian mummy
  1337 | D        | Found a transporter.
  1339 | D        | Killed a death scarab
  1345 | D        | Killed a lich
  1345 | D        | Reached skill level 10 in Invocations
  1345 | D        | Reached XP level 10. HP: 44/82 MP: 5/17
  1353 | D        | Reached ****** piety under Qazlal
  1459 | D        | Entered arena 9.
  1459 | D        | Noticed a centaur warrior
  1459 | D        | Noticed an ogre mage
  1459 | D        | Noticed an ogre mage
  1459 | D        | Noticed a vault guard
  1459 | D        | Noticed a vault guard
  1459 | D        | Found a transporter.
  1460 | D        | Found the +3 Elemental Staff {rElec rF++ rC++ MR++ AC+5}
  1460 | D        | Found the macabre finger necklace {rN+}
  1464 | D        | Killed a centaur warrior
  1464 | D        | Killed an ogre mage
  1464 | D        | Reached XP level 11. HP: 87/87 MP: 1/19
  1465 | D        | Killed a vault guard
  1469 | D        | Killed a vault guard
  1476 | D        | Killed an ogre mage
  1653 | D        | Entered arena 10.
  1653 | D        | Noticed a death scarab
  1653 | D        | Noticed a death scarab
  1653 | D        | Noticed a death scarab
  1653 | D        | Found a transporter.
  1665 | D        | Killed a death scarab
  1665 | D        | Killed a death scarab
  1666 | D        | Killed a death scarab
  2058 | D        | Entered arena 11.
  2058 | D        | Noticed a deep elf annihilator
  2058 | D        | Noticed a deep elf mage
  2058 | D        | Noticed a deep elf mage
  2058 | D        | Noticed a deep elf knight
  2058 | D        | Noticed a deep elf mage
  2058 | D        | Noticed a deep elf knight
  2058 | D        | Noticed a deep elf knight
  2058 | D        | Noticed a deep elf knight
  2058 | D        | Found a transporter.
  2059 | D        | Killed a deep elf mage
  2059 | D        | Killed a deep elf knight
  2060 | D        | Killed a deep elf mage
  2060 | D        | Reached skill level 5 in Armour
  2066 | D        | Killed a deep elf annihilator
  2066 | D        | Reached XP level 12. HP: 57/94 MP: 10/22
  2066 | D        | Killed a deep elf knight
  2067 | D        | Killed a deep elf knight
  2071 | D        | Killed a deep elf knight
  2071 | D        | Reached skill level 15 in Invocations
  2091 | D        | Got the Reference Book on Companions
  2336 | D        | Entered arena 12.
  2336 | D        | Noticed an emperor scorpion
  2337 | D        | Found the +4 moon troll leather armour {Spirit, Regen++
                  | MP+5}
  2337 | D        | Found a transporter.
  2340 | D        | Reached skill level 10 in Armour
  2356 | D        | Killed an emperor scorpion
  2371 | D        | Got the Volume of Companions and Dislocation
  2376 | D        | Got the Compendium of the Enchanting Birds
  2501 | D        | Entered arena 13.
  2501 | D        | Noticed a vampire mage
  2509 | D        | Killed a vampire mage
  2528 | D        | Found a transporter.
  2547 | D        | Got the Grimoire of the Mountains and Ice
  2719 | D        | Entered arena 14.
  2719 | D        | Noticed a death ooze
  2719 | D        | Noticed a great orb of eyes
  2720 | D        | Noticed a great orb of eyes
  2720 | D        | Noticed an acid blob
  2721 | D        | Gained mutation: Your spells are a little easier to cast,
                  | but a little less powerful. [a shining eye]
  2722 | D        | Found the +3 pair of gauntlets of War {Slay+5}
  2727 | D        | Killed a great orb of eyes
  2728 | D        | Killed a death ooze
  2728 | D        | Gained mutation: You can hop long distances. [Barachi
                  | growth]
  2728 | D        | Reached XP level 13. HP: 93/100 MP: 10/25
  2729 | D        | Killed an acid blob
  2729 | D        | Gained mutation: Your body sometimes deteriorates upon
                  | taking damage. [a shining eye]
  2733 | D        | Killed a great orb of eyes
  2734 | D        | Found a transporter.
  2867 | D        | Entered arena 15.
  2867 | D        | Noticed Kirke
  2867 | D        | Noticed Crazy Yiuf
  2867 | D        | Noticed Sonja
  2867 | D        | Noticed Josephine
  2867 | D        | Noticed Blork the orc
  2867 | D        | Noticed Prince Ribbit
  2867 | D        | Noticed Erica
  2867 | D        | Noticed Azrael
  2868 | D        | Killed Crazy Yiuf
  2868 | D        | Killed Sonja
  2868 | D        | Noticed Purgy
  2868 | D        | Identified the cursed ring "Maelo" {EV-2 Slay+6}
  2868 | D        | Noticed Terence
  2869 | D        | Identified the +9 scimitar "Jecsoergh" {slice, *Slow rElec
                  | Str+7 Dex+2}
  2869 | D        | Noticed Louise
  2869 | D        | Killed Terence
  2869 | D        | Killed Prince Ribbit
  2869 | D        | Noticed Nikola
  2870 | D        | Killed Kirke
  2877 | D        | Killed Purgy
  2882 | D        | Killed Azrael
  2887 | D        | Killed Josephine
  2888 | D        | Killed Erica
  2890 | D        | Killed Blork the orc
  2896 | D        | Killed Louise
  2898 | D        | Found a transporter.
  2903 | D        | Killed Nikola
  2968 | D        | Got the amulet "Verghi Sapsa" {Reflect rF+ SH+4}
  3184 | D        | Entered arena 16.
  3184 | D        | Noticed a frost giant
  3184 | D        | Noticed an ice dragon
  3184 | D        | Noticed a blizzard demon
  3184 | D        | Noticed an ice dragon
  3185 | D        | Reached skill level 5 in Dodging
  3188 | D        | Killed an ice dragon
  3189 | D        | Killed an ice dragon
  3191 | D        | Killed a frost giant
  3191 | D        | Reached skill level 10 in Dodging
  3191 | D        | Reached XP level 14. HP: 89/106 MP: 8/28
  3203 | D        | Found a transporter.
  3218 | D        | Got the Guide on Quantum Good Luck
  3220 | D        | Got the Almanac of Mutagenic Talismans
  3451 | D        | Entered arena 17.
  3456 | D        | Noticed a deep elf master archer
  3456 | D        | Noticed a stone giant
  3457 | D        | Identified the +3 great sword "Newtslayer" {elec, rN+}
  3458 | D        | Noticed a stone giant
  3458 | D        | Identified the +2 robe "Gieblodi" {rPois rCorr Stlth-}
  3459 | D        | Killed a deep elf master archer
  3459 | D        | Reached skill level 15 in Dodging
  3459 | D        | Killed a stone giant
  3461 | D        | Killed a stone giant
  3463 | D        | Found a transporter.
  3679 | D        | Entered arena 18.
  3681 | D        | Noticed a white very ugly thing
  3683 | D        | Noticed a white very ugly thing
  3688 | D        | Reached skill level 5 in Conjurations
  3695 | D        | Killed a white very ugly thing
  3696 | D        | Gained mutation: You tend to lose your temper in combat. [a
                  | shining eye]
  3699 | D        | Reached skill level 10 in Conjurations
  3706 | D        | Killed a green very ugly thing
  3716 | D        | Found a transporter.
  3726 | D        | Got the Papyrus of the Mountains
  3732 | D        | Got the Reference Book on Boosting Cold
  3825 | D        | Entered arena 19.
  3833 | D        | Reached skill level 4 in Ice Magic
  3833 | D        | Noticed a reaper
  3833 | D        | Noticed a reaper
  3836 | D        | Reached skill level 5 in Ice Magic
  3836 | D        | Reached skill level 6 in Ice Magic
  3838 | D        | Reached skill level 7 in Ice Magic
  3850 | D        | Killed a reaper
  3850 | D        | Reached skill level 9 in Ice Magic
  3858 | D        | Killed a reaper
  3858 | D        | Reached skill level 10 in Ice Magic
  3872 | D        | Found a transporter.
  3881 | D        | Got the ring "Udghurph" {rElec Str+2 Stlth-}
  3916 | D        | Learned a level 2 spell: Slow
  4072 | D        | Entered arena 20.
  4077 | D        | Noticed a balrug
  4078 | D        | Reached skill level 1 in Shields
  4079 | D        | Killed a balrug
  4079 | D        | Noticed a balrug
  4083 | D        | Reached skill level 11 in Ice Magic
  4083 | D        | Reached XP level 15. HP: 67/113 MP: 17/29
  4090 | D        | Reached skill level 5 in Shields
  4090 | D        | Killed a balrug
  4094 | D        | Found a transporter.
  4104 | D        | Got the Handbook of the Forgotten Demons
  4132 | D        | Learned a level 2 spell: Blink
  4339 | D        | Entered arena 21.
  4345 | D        | Reached skill level 1 in Translocations
  4353 | D        | Reached skill level 5 in Translocations
  4370 | D        | Reached skill level 5 in Spellcasting
  4376 | D        | Found a transporter.
  4455 | D        | Entered arena 22.
  4457 | D        | Noticed a titan
  4457 | D        | Noticed a fire giant
  4457 | D        | Noticed a fire giant
  4457 | D        | Noticed a fire giant
  4457 | D        | Noticed a fire giant
  4459 | D        | Noticed a titan
  4459 | D        | Noticed a titan
  4459 | D        | Noticed a titan
  4459 | D        | Noticed a frost giant
  4460 | D        | Noticed a titan
  4460 | D        | Identified the +8 great sword "Goblinbane" {slice, Fragile
                  | rPois Str+3 Dex+4}
  4460 | D        | Noticed a frost giant
  4460 | D        | Noticed a fire giant
  4460 | D        | Noticed a titan
  4461 | D        | Identified the ring "Dietarogg" {+Fly rPois MP+9 SInv}
  4461 | D        | Noticed a fire giant
  4462 | D        | Killed a fire giant
  4462 | D        | Killed a fire giant
  4462 | D        | Killed a titan
  4462 | D        | Killed a fire giant
  4462 | D        | Killed a fire giant
  4462 | D        | Reached skill level 10 in Spellcasting
  4462 | D        | Killed a titan
  4462 | D        | Killed a frost giant
  4462 | D        | Killed a titan
  4463 | D        | Killed a titan
  4463 | D        | Killed a frost giant
  4463 | D        | Killed a titan
  4463 | D        | Reached XP level 16. HP: 44/120 MP: 14/33
  4463 | D        | Killed a titan
  4464 | D        | Identified the +4 war axe of Fahoic {flame, Dex+2}
  4469 | D        | Noticed a titan
  4481 | D        | Killed a titan
  4481 | D        | Reached skill level 12 in Ice Magic
  4481 | D        | Reached skill level 15 in Spellcasting
  4498 | D        | Found a transporter.
  4525 | D        | Got the Almanac of Earthen Poison
  4758 | D        | Entered arena 23.
  4762 | D        | Noticed an ancient lich
  4762 | D        | Noticed a shadow dragon
  4762 | D        | Noticed a shadow dragon
  4762 | D        | Noticed a shadow dragon
  4764 | D        | Noticed a lich
  4764 | D        | Noticed a lich
  4764 | D        | Noticed an ancient lich
  4765 | D        | Noticed an ancient lich
  4765 | D        | Noticed a lich
  4767 | D        | Reached skill level 13 in Ice Magic
  4767 | D        | Reached skill level 14 in Ice Magic
  4767 | D        | Noticed a shadow dragon
  4767 | D        | Noticed a lich
  4767 | D        | Noticed a shadow dragon
  4768 | D        | Reached skill level 15 in Ice Magic
  4768 | D        | Killed a shadow dragon
  4768 | D        | Reached skill level 16 in Ice Magic
  4768 | D        | Reached skill level 17 in Ice Magic
  4768 | D        | Killed a shadow dragon
  4768 | D        | Reached skill level 18 in Ice Magic
  4768 | D        | Killed a lich
  4768 | D        | Reached skill level 19 in Ice Magic
  4768 | D        | Killed a lich
  4768 | D        | Reached skill level 20 in Ice Magic
  4768 | D        | Reached skill level 21 in Ice Magic
  4775 | D        | Killed an ancient lich
  4775 | D        | Reached skill level 23 in Ice Magic
  4775 | D        | Reached XP level 17. HP: 18/126 MP: 15/36
  4775 | D        | Reached skill level 24 in Ice Magic
  4775 | D        | Killed a lich
  4775 | D        | Reached skill level 25 in Ice Magic
  4775 | D        | Killed an ancient lich
  4775 | D        | Reached skill level 26 in Ice Magic
  4775 | D        | Killed a lich
  4775 | D        | Reached skill level 27 in Ice Magic
  4775 | D        | Reached skill level 10 in Fighting
  4779 | D        | Killed from afar by a shadow dragon

Vault maps used:
D:        sprint_v

Skill      XL: |  1  2  3  4  5  6  7  8  9 10 11 12 13 14 15 16 17 |
---------------+----------------------------------------------------+-----
Fighting       | 8 9 12 | 12.5
Long Blades    | 4 6 9 13 14 17 19 21 22 24 | 24.0
Invocations    | 3 10 11 14 17 21 25 26 | 26.8
Armour         | 7 13 | 13.0
Dodging        | 10 16 | 16.8
Conjurations   | 12 | 12.5
Ice Magic      | 11 23 27 | 27.0
Shields        | 4 5 |  5.8
Translocations | 6 |  6.0
Spellcasting   | 13 15 | 15.2
Stealth        | |  1.7

Action                   |  1- 3 |  4- 6 |  7- 9 | 10-12 | 13-15 | 16-18 || total
-------------------------+-------+-------+-------+-------+-------+-------++-------
Melee: Demon blade       |     8 |    23 |       |       |       |       ||    31
       Double sword      |       |       |    16 |    76 |    67 |       ||   159
       Staff             |       |       |       |     1 |       |       ||     1
       Triple sword      |       |       |       |       |    28 |     8 ||    36
Throw: Javelin           |       |       |       |       |     7 |       ||     7
 Cast: Bolt of Cold      |       |       |       |       |     1 |     2 ||     3
Invok: Upheaval          |       |       |     2 |    10 |    31 |     6 ||    49
       Disaster Area     |       |       |       |       |     4 |     4 ||     8
 Abil: Hop               |       |     1 |       |       |     1 |     1 ||     3
Evoke: Lightning rod     |     1 |     4 |     3 |     3 |     9 |       ||    20
       Wand              |       |     1 |       |       |       |     1 ||     2
       Lamp of fire      |       |       |       |       |     1 |       ||     1
  Use: Potion            |     1 |       |     2 |     3 |     8 |     4 ||    18
       Scroll            |       |       |       |       |    10 |       ||    10
  Eat: Ration            |       |       |       |     2 |     2 |       ||     4
       Chunk             |       |       |       |       |     2 |     2 ||     4
Armor: Plate armour      |     6 |    13 |    31 |    65 |    17 |       ||   132
       Fire dragon scale |       |       |       |       |    43 |     5 ||    48
Dodge: Dodged            |       |       |     1 |     2 |    67 |    12 ||    82
       Deflected         |       |       |       |       |     2 |     3 ||     5
Block: Shield            |    12 |    41 |    26 |   140 |   107 |       ||   326
       Reflection        |       |       |       |       |    10 |     2 ||    12
       Other             |       |       |       |       |    34 |     4 ||    38
       Rpst.: Double sword |       |       |       |     1 |     1 |       ||     2
       Triple sword      |       |       |       |       |     9 |       ||     9

Table legend:
 A = Non-vault XP
 B = Vault XP
 C = Vault XP percentage of total XP
 D = Non-vault monster count
 E = Vault monster count
 F = Vault count percentage of total count
                 A         B        C        D         E       F
            +---------+---------+-------+---------+---------+-------
      Total |       0 |  206335 | 100.0 |       0 |     270 | 100.0
            +---------+---------+-------+---------+---------+-------
          D |       0 |  206335 | 100.0 |       0 |     270 | 100.0
            +---------+---------+-------+---------+---------+-------
